 Dungeon Crawl Stone Soup version 0.32-a0-818-gb728d0252e (console) character file.

Game seed: 10185768627987001740

26336 jejorda2 the Spear-Bearer (level 13, 0/104 HPs)
             Began as a Gnoll Berserker on Mar 24, 2024.
             Was a Priest of Trog.
             Slain by a skyshark (3 damage)
             ... on level 1 of the Lair of Beasts.
             The game lasted 00:36:17 (13823 turns).

jejorda2 the Spear-Bearer (Gnoll Berserker)        Turns: 13823, Time: 00:36:18

Health: 0/104      AC: 26    Str: 26    XL:     13   Next: 25%
Magic:  25/25      EV: 15    Int:  6    God:    Trog [***...]
Gold:   1964       SH:  0    Dex: 13    Spells: 28/28 levels left

rFire   + . .        b - +9 battleaxe {flame, rF+ Str+5}
rCold   . . .        (shield currently unavailable)
rNeg    . . .        E - +0 plate armour
rPois   +            q - +1 helmet
rElec   .            J - +2 cloak {rPois}
rCorr   .            (no gloves)
SInv    .            N - +1 pair of boots
Will    .....        z - amulet of regeneration Stlth
                     i - +5 ring of evasion
HPRegen 1.17/turn    j - +4 ring of protection
MPRegen 0.19/turn

%: no passive effects
@: on berserk cooldown, slowed, very slow
A: fangs 1, strong nose, distributed training
a: Renounce Religion, Berserk, Trog's Hand


You were on level 1 of the Lair of Beasts.
You worshipped Trog.
Trog was most pleased with you.
You visited 2 branches of the dungeon, and saw 14 of its levels.

You collected 2034 gold pieces.
You spent 70 gold pieces at shops.

Inventory:

Hand Weapons
 a - a +1 dire flail
 b - the +9 battleaxe "Qennuf" (weapon) {flame, rF+ Str+5}
   (Trog gifted it to you on level 9 of the Dungeon)

   Str+5:     It affects your strength (+5).
   rF+:       It protects you from fire.
 w - a +1 halberd of freezing
Missiles
 r - 5 curare-tipped darts
 u - 4 silver javelins (quivered)
 G - 2 javelins
Armour
 n - a scarf of resistance
 q - a +1 helmet (worn)
 E - a +0 plate armour (worn)
 J - a +2 cloak of poison resistance (worn)
 N - a +1 pair of boots (worn)
Jewellery
 i - a +5 ring of evasion (left hand)
 j - a +4 ring of protection (right hand)
 z - an amulet of regeneration (around neck)
 B - a ring of poison resistance
 H - a ring of resist corrosion
Wands
 d - a wand of mindburst (8)
 p - a wand of warping (9)
 x - a wand of flame (11)
 C - a wand of light (10)
 F - a wand of digging (6)
 L - a wand of polymorph (3)
Scrolls
 e - a scroll of brand weapon
 f - 2 scrolls of silence
 h - 5 scrolls of teleportation
 o - a scroll of blinking
 t - a scroll of fear
 v - 2 scrolls of fog
 y - a scroll of enchant weapon
 M - a scroll of torment {unknown}
Potions
 c - 3 potions of might
 g - 2 potions of attraction
 k - 3 potions of haste
 l - a potion of curing
 m - a potion of resistance
 s - 2 potions of heal wounds
 D - a potion of ambrosia
 K - a potion of lignification


   Skills:
 + Level 10.7 Fighting
 + Level 8.4 Short Blades
 + Level 8.4 Long Blades
 + Level 8.4 Axes
 + Level 8.4 Maces & Flails
 + Level 10.7 Polearms
 + Level 8.4 Staves
 + Level 8.4 Ranged Weapons
 + Level 8.4 Throwing
 + Level 9.6 Armour
 + Level 9.6 Dodging
 + Level 8.4 Stealth
 + Level 8.4 Shields
 + Level 8.4 Unarmed Combat
 + Level 8.4 Spellcasting
 + Level 7.0 Conjurations
 + Level 7.0 Hexes
 + Level 7.0 Summonings
 + Level 7.0 Necromancy
 + Level 7.0 Translocations
 + Level 7.0 Fire Magic
 + Level 7.0 Ice Magic
 + Level 7.0 Air Magic
 + Level 7.0 Earth Magic
 + Level 7.0 Alchemy
 + Level 9.2 Invocations
 + Level 8.4 Evocations
 + Level 7.7 Shapeshifting


You had 28 spell levels left.
You didn't know any spells.
Your spell library was empty.

Dungeon Overview and Level Annotations

Branches:
Dungeon (12/15)            Temple (0/1) D:6            Lair (2/5) D:11
    Orc (0/2) D:12
  Swamp: Lair:2-3    Shoals: Lair:2-3     Snake: Lair:2-3    Spider: Lair:2-3

Altars:
Ashenzari
Fedhas
Hepliaklqana
Qazlal
Vehumet
Xom
Zin

Shops:
D:3 ?   D:4 !

Annotations:
D:6 exclusion: oklob plant


Innate Abilities, Weirdness & Mutations

You have very sharp teeth.
Your uncanny sense of smell can sniff out nearby items.
Your experience applies equally to all skills.


Message History

The skyshark is severely wounded.
The skyshark bites you but does no damage.
The skyshark closely misses you. The skyshark tail-slaps you.
The skyshark bites you but does no damage.
The skyshark tail-slaps you but does no damage. x2
The skyshark barely misses you.
The skyshark tail-slaps you but does no damage. x2
You slash the skyshark! You burn the skyshark. Your bite misses the skyshark.
The skyshark is severely wounded.
The skyshark misses you. x2; The skyshark tail-slaps you.
The skyshark misses you.
The skyshark tail-slaps you but does no damage. x2
Unknown command.
You barely miss the skyshark. Your bite misses the skyshark.
The skyshark is severely wounded.
The skyshark barely misses you. The skyshark misses you.
The skyshark closely misses you.
The skyshark bites you but does no damage.
The skyshark completely misses you. The skyshark misses you.
The skyshark bites you. The skyshark tail-slaps you.
The skyshark barely misses you.
Throw: 6 darts (curare)
Press: ? - help, Shift-Dir - straight line, f - skyshark
Aim: a skyshark (severely wounded, berserk, 72% to hit)
You throw a curare-tipped dart.
The curare-tipped dart hits the skyshark.
The skyshark is poisoned.
The skyshark struggles to breathe.
The skyshark seems to slow down.
The skyshark is almost dead.
The skyshark closely misses you. The skyshark tail-slaps you.
The skyshark tail-slaps you!
You slash the skyshark! You burn the skyshark. Your bite misses the skyshark.
The skyshark is almost dead.
The skyshark bites you!
* * * LOW HITPOINT WARNING * * *
The skyshark tail-slaps you but does no damage.
The skyshark closely misses you. The skyshark bites you!
* * * LOW HITPOINT WARNING * * *
The skyshark tail-slaps you.
You die...

####..#P.....### #......##
#....#####..## #..<....#
##.### ##..#######..P#..##
##### #............###.#
#..####.##..##P.....#P.#
##......##.#####....##.###
####...##..P###.........#
#....#.......###....###
###
#......F@.....##......#
#.#
#....####.......#....##
..#### ##..##
###.......####.# #.#..#
##.## #.........# ###
##...# #.#.###........##
..##P# ###.#..........#
..###### #.............#
.####..####...####.####.#
## #...P##....# #.# ##.##


You could see a skyshark (berserk, very poisoned, slow).

Vanquished Creatures
  Snorg (D:10)
  Erolcha (D:11)
  A catoblepas (Lair:1)
  Erica (Lair:1)
  A boulder beetle (D:12)
  5 death yaks (Lair:1)
  Amaemon (Lair:1)
  Sonja (D:11)
  Pikel (D:7)
  A deep elf pyromancer (D:12)
  2 cyclopes
  Maurice (D:10)
  2 manticores (D:11)
  4 ugly things
  A torpor snail (Lair:1)
  An orange demon (Lair:1)
  5 cane toads (Lair:1)
  A gargoyle (D:7)
  An unseen horror (D:12)
  9 komodo dragons
  Psyche (D:11)
  A troll (D:11)
  A freezing wraith (D:9)
  2 slime creatures
  A shadow (D:10)
  3 wyverns (D:9)
  20 yaks
  Eustachio (D:4)
  2 wraiths
  2 basilisks
  4 vampire mosquitoes
  Menkaure (D:5)
  3 acid dragons
  2 water moccasins
  An ice beast (D:7)
  A sky beast (D:8)
  2 ogres
  A black bear (Lair:1)
  3 orc warriors
  3 centaurs
  3 lemures (D:7)
  4 phantoms
  2 kobold brigands
  2 bullfrogs (D:7)
  10 wights
  2 howler monkeys (D:8)
  An electric eel (D:12)
  A centaur zombie (D:5)
  2 bombardier beetles
  2 bullfrog zombies (D:5)
  4 orc priests
  2 bullfrog skeletons (D:5)
  2 gnoll boudas
  3 hounds
  6 jellies
  A centaur skeleton (D:5)
  2 iguanas
  3 sleepcaps (D:6)
  7 orc wizards
  A scorpion zombie (D:5)
  A hound zombie (D:5)
  Robin (D:3)
  19 gnolls
  13 adders
  2 howler monkey skeletons (D:5)
  A shadow imp (D:5)
  2 white imps (D:7)
  An adder zombie (D:5)
  An adder skeleton (D:5)
  3 dart slugs
  A ribbon worm (D:4)
  22 orcs
  4 endoplasms
  A giant cockroach (D:1)
  15 goblins
  9 hobgoblins
  8 jackals
  18 kobolds
  3 quokkas
  8 ball pythons
  7 bats
  3 frilled lizards
  5 rats
304 creatures vanquished.

Vanquished Creatures (collateral kills)
  A wyvern (D:10)
1 creature vanquished.

Grand Total: 305 creatures vanquished

Notes
Turn   | Place    | Note
-------+----------+-------------------------------------------
     0 | D:1      | jejorda2 the Gnoll Berserker began the quest for the Orb.
     0 | D:1      | Reached XP level 1. HP: 23/23 MP: 1/1
   133 | D:1      | Reached XP level 2. HP: 29/29 MP: 2/2
   489 | D:1      | Reached XP level 3. HP: 35/35 MP: 3/3
   686 | D:1      | Reached ** piety under Trog
  1084 | D:2      | Found a faded altar of an unknown god.
  1099 | D:2      | Reached skill level 1 in Invocations
  1291 | D:2      | Reached skill level 1 in Short Blades
  1291 | D:2      | Reached skill level 1 in Long Blades
  1291 | D:2      | Reached skill level 1 in Axes
  1291 | D:2      | Reached skill level 1 in Maces & Flails
  1291 | D:2      | Reached skill level 1 in Staves
  1291 | D:2      | Reached skill level 1 in Ranged Weapons
  1291 | D:2      | Reached skill level 1 in Throwing
  1291 | D:2      | Reached skill level 1 in Stealth
  1291 | D:2      | Reached skill level 1 in Shields
  1291 | D:2      | Reached skill level 1 in Unarmed Combat
  1291 | D:2      | Reached skill level 1 in Spellcasting
  1291 | D:2      | Reached skill level 1 in Evocations
  1400 | D:2      | Reached skill level 1 in Shapeshifting
  1400 | D:2      | Reached XP level 4. HP: 40/41 MP: 5/5
  2114 | D:3      | Reached skill level 1 in Conjurations
  2114 | D:3      | Reached skill level 1 in Hexes
  2114 | D:3      | Reached skill level 1 in Summonings
  2114 | D:3      | Reached skill level 1 in Necromancy
  2114 | D:3      | Reached skill level 1 in Translocations
  2114 | D:3      | Reached skill level 1 in Fire Magic
  2114 | D:3      | Reached skill level 1 in Ice Magic
  2114 | D:3      | Reached skill level 1 in Air Magic
  2114 | D:3      | Reached skill level 1 in Earth Magic
  2114 | D:3      | Reached skill level 1 in Alchemy
  2202 | D:3      | Found Nogas's Magic Scroll Shoppe.
  2211 | D:3      | Bought a scroll of teleportation for 42 gold pieces
  2211 | D:3      | Bought a scroll of identify for 28 gold pieces
  2318 | D:3      | Noticed Robin
  2331 | D:3      | Killed Robin
  2332 | D:3      | Reached XP level 5. HP: 43/47 MP: 5/7
  2634 | D:4      | Noticed Eustachio
  2652 | D:4      | Killed Eustachio
  2653 | D:4      | Reached skill level 5 in Armour
  2653 | D:4      | Reached skill level 5 in Dodging
  2653 | D:4      | Reached XP level 6. HP: 53/53 MP: 7/9
  2786 | D:4      | Found Xixkag's Distillery.
  2802 | D:4      | Found a stormy altar of Qazlal.
  2802 | D:4      | Found a glowing silver altar of Zin.
  2814 | D:4      | Reached XP level 7. HP: 60/60 MP: 10/10
  2839 | D:4      | Reached *** piety under Trog
  2947 | D:4      | Found a broken altar of Ashenzari.
  2952 | D:4      | Saw a vision of the Shoals and the Spider Nest.
  2952 | D:4      | Noticed a demonic crawler
  2952 | D:4      | Noticed a tarantella
  2952 | D:4      | Noticed a merfolk
  2952 | D:4      | Noticed a manticore
  2952 | D:4      | Noticed an orb spider
  2952 | D:4      | Noticed a manticore
  2952 | D:4      | Noticed a skyshark
  2952 | D:4      | Noticed a manticore
  2952 | D:4      | Noticed a water elemental
  2952 | D:4      | Noticed a snapping turtle
  2952 | D:4      | Noticed a tarantella
  2952 | D:4      | Noticed a demonic crawler
  2952 | D:4      | Noticed a merfolk
  2953 | D:4      | Noticed a redback
  2953 | D:4      | Noticed a wolf spider
  2953 | D:4      | Noticed a redback
  2954 | D:4      | Noticed a pharaoh ant
  2954 | D:4      | Noticed a jumping spider
  2956 | D:4      | Noticed a jumping spider
  3534 | D:5      | Entered Level 5 of the Dungeon
  3724 | D:5      | Reached XP level 8. HP: 43/67 MP: 12/12
  3881 | D:5      | Noticed Menkaure
  3887 | D:5      | Killed Menkaure
  4867 | D:6      | Reached **** piety under Trog
  4956 | D:6      | Reached XP level 9. HP: 64/73 MP: 14/14
  5016 | D:6      | Found a staircase to the Ecumenical Temple.
  5067 | D:6      | Found a blossoming altar of Fedhas.
  5085 | D:6      | Noticed an oklob plant
  5361 | D:7      | Identified a scroll of acquirement
  5361 | D:7      | Acquired 1093 gold pieces
  5459 | D:7      | Found a radiant altar of Vehumet.
  5459 | D:7      | Found a hazy altar of Hepliaklqana.
  5580 | D:7      | Noticed a brown ugly thing
  5582 | D:7      | Noticed a green ugly thing
  5592 | D:7      | Killed a green ugly thing
  5602 | D:7      | Killed a brown ugly thing
  5603 | D:7      | Reached skill level 5 in Invocations
  6009 | D:7      | Noticed Pikel
  6032 | D:7      | Killed Pikel
  6033 | D:7      | Reached skill level 5 in Short Blades
  6033 | D:7      | Reached skill level 5 in Long Blades
  6033 | D:7      | Reached skill level 5 in Axes
  6033 | D:7      | Reached skill level 5 in Maces & Flails
  6033 | D:7      | Reached skill level 5 in Staves
  6033 | D:7      | Reached skill level 5 in Ranged Weapons
  6033 | D:7      | Reached skill level 5 in Throwing
  6033 | D:7      | Reached skill level 5 in Stealth
  6033 | D:7      | Reached skill level 5 in Shields
  6033 | D:7      | Reached skill level 5 in Unarmed Combat
  6033 | D:7      | Reached skill level 5 in Spellcasting
  6033 | D:7      | Reached skill level 5 in Evocations
  6033 | D:7      | Reached XP level 10. HP: 74/82 MP: 17/17
  6039 | D:7      | Noticed a cyclops
  6049 | D:7      | Killed a cyclops
  6088 | D:7      | Noticed a gargoyle
  6099 | D:7      | Killed a gargoyle
  6345 | D:7      | Noticed a cyan ugly thing
  6363 | D:7      | Reached skill level 5 in Shapeshifting
  6387 | D:7      | Killed a cyan ugly thing
  7049 | D:8      | Reached skill level 5 in Conjurations
  7049 | D:8      | Reached skill level 5 in Hexes
  7049 | D:8      | Reached skill level 5 in Summonings
  7049 | D:8      | Reached skill level 5 in Necromancy
  7049 | D:8      | Reached skill level 5 in Translocations
  7049 | D:8      | Reached skill level 5 in Fire Magic
  7049 | D:8      | Reached skill level 5 in Ice Magic
  7049 | D:8      | Reached skill level 5 in Air Magic
  7049 | D:8      | Reached skill level 5 in Earth Magic
  7049 | D:8      | Reached skill level 5 in Alchemy
  7056 | D:8      | Reached XP level 11. HP: 89/89 MP: 20/20
  7761 | D:8      | Identified the +1 rapier "Paek" {freeze, Str+2}
  7767 | D:8      | Found a shimmering altar of Xom.
  7876 | D:9      | Reached ***** piety under Trog
  8180 | D:9      | Identified the +9 battleaxe "Qennuf" {flame, rF+ Str+5}
                  | (Trog gifted it to you on level 9 of the Dungeon)
  8180 | D:9      | Received a gift from Trog
  8593 | D:10     | Entered Level 10 of the Dungeon
  8728 | D:10     | Noticed Maurice
  8729 | D:10     | HP: 3/89 [disintegration (14)]
  8733 | D:10     | Something stole the +9 battleaxe "Qennuf" {flame, rF+
                  | Str+5}
  8975 | D:10     | Noticed Snorg
  8991 | D:10     | Killed Snorg
  9279 | D:10     | You fall into a shaft and drop 2 floors!
  9489 | D:10     | Something stole 5 silver javelins
  9490 | D:10     | Something stole a +5 ring of evasion
  9496 | D:10     | Something stole 198 gold
  9502 | D:10     | Something stole 281 gold
  9509 | D:10     | Something stole 442 gold
  9526 | D:10     | Something stole 105 gold
  9552 | D:10     | Something stole 371 gold
  9557 | D:10     | Something stole 191 gold
  9670 | D:10     | Killed Maurice
 10167 | D:11     | Noticed a manticore
 10182 | D:11     | Noticed Sonja
 10382 | D:11     | Noticed a manticore
 10392 | D:11     | Killed a manticore
 10393 | D:11     | Reached XP level 12. HP: 81/97 MP: 22/22
 10536 | D:11     | Found a staircase to the Lair.
 10602 | D:11     | Noticed Erolcha
 10629 | D:11     | Killed Erolcha
 10722 | D:11     | Killed Sonja
 10736 | D:11     | Noticed Psyche
 10744 | D:11     | Killed Psyche
 10960 | D:11     | Reached skill level 10 in Fighting
 10960 | D:11     | Reached skill level 10 in Polearms
 11117 | D:12     | Found a staircase to the Orcish Mines.
 11123 | D:12     | Noticed a boulder beetle
 11141 | D:12     | Killed a boulder beetle
 11650 | D:12     | Identified the +2 great sword "Muol" {drain, rF+ Str+5}
 12079 | Lair:1   | Entered Level 1 of the Lair of Beasts
 12079 | Lair:1   | Noticed a catoblepas
 12080 | Lair:1   | Noticed Amaemon
 12088 | Lair:1   | Noticed a death yak
 12101 | Lair:1   | Killed a catoblepas
 12106 | Lair:1   | Killed Amaemon
 12110 | Lair:1   | Killed a death yak
 12896 | Lair:1   | Noticed a death yak
 12896 | Lair:1   | Noticed a death yak
 12923 | Lair:1   | Killed a death yak
 12924 | Lair:1   | Reached XP level 13. HP: 104/104 MP: 25/25
 13068 | Lair:1   | Noticed Erica
 13124 | Lair:1   | Killed Erica
 13823 | Lair:1   | HP: 3/104 [skyshark (16)]
 13823 | Lair:1   | Slain by a skyshark

Illustrated notes

Levels and vault maps discovered:
D:1:      elethiomel_arrival_quiet, layout_loops_ring, serial_aquarium,
          aquarium_bridge_square [aquarium_subvault_bridge,
          aquarium_subvault_bridge, aquarium_subvault_bridge,
          aquarium_subvault_window], aquarium_window_corridor_1,
          aquarium_window_fake, aquarium_window_fake, aquarium_window_1,
          aquarium_view_2d, aquarium_view_2c, aquarium_balcony_double_4,
          aquarium_pool_2, serial_bayou_pond_a
D:2:      layout_basic, nicolae_ecumenical_pavilion
D:3:      layout_basic, serial_shops, nicolae_shop_rolling_square, uniq_robin
D:4:      layout_basic, grunt_ashenzari_visionary
          [grunt_ashenzari_visionary_shoals, grunt_ashenzari_visionary_spider],
          chequers_temple_overflow_statue_of_worship, serial_shops, shop,
          uniq_eustachio
D:5:      layout_gridville, serial_undead, serial_undead_d, serial_undead_e,
          serial_undead_c, serial_undead_a, serial_undead_c, serial_undead_c,
          serial_undead_c, serial_undead_e, serial_undead_c, serial_undead_f,
          due_unseen_surprise, uniq_menkaure
D:6:      layout_loops_ring, tgw_fedhas, minmay_temple_entry_stoned_glass
D:7:      minmay_chambers_of_sixes, layout_basic, grunt_temple_overflow_open,
          minmay_shattered_shrine, uniq_pikel
D:8:      layout_loops_corners, regret_index_xom_buried_treasure,
          minmay_misc_feat_secret_circle
D:9:      layout_roguey, minmay_checkerbox
D:10:     layout_irregular_city, uniq_snorg, uniq_maurice
D:11:     layout_stronghold, lair_entry_dummy, uniq_psyche, uniq_sonja,
          uniq_erolcha
D:12:     layout_basic, orc_0_dummy, kennysheep_small_spiral,
          kennysheep_generic_room_4
Lair:1:   layout_layer_cave, uniq_amaemon, uniq_erica
Lair:2:   layout_gridlike, elwin_shoals_entry_stream,
          hellmonk_spider_entry_not_the_bees, lemuel_fruit_fields,
          infiniplex_staircase_pool_2

Skill      XL: |  1  2  3  4  5  6  7  8  9 10 11 12 13 |
---------------+----------------------------------------+-----
Invocations    | 1 2 3 4 5 6 7 8 9 |  9.2
Short Blades   | 1 2 3 5 6 7 8 |  8.4
Long Blades    | 1 2 3 5 6 7 8 |  8.4
Axes           | 1 2 3 5 6 7 8 |  8.4
Maces & Flails | 1 2 3 5 6 7 8 |  8.4
Staves         | 1 2 3 5 6 7 8 |  8.4
Ranged Weapons | 1 2 3 5 6 7 8 |  8.4
Throwing       | 1 2 3 5 6 7 8 |  8.4
Stealth        | 1 2 3 5 6 7 8 |  8.4
Shields        | 1 2 3 5 6 7 8 |  8.4
Unarmed Combat | 1 2 3 5 6 7 8 |  8.4
Spellcasting   | 1 2 3 5 6 7 8 |  8.4
Evocations     | 1 2 3 5 6 7 8 |  8.4
Shapeshifting  | 1 2 3 4 5 6 7 |  7.7
Conjurations   | 1 2 3 4 5 6 7 |  7.0
Hexes          | 1 2 3 4 5 6 7 |  7.0
Summonings     | 1 2 3 4 5 6 7 |  7.0
Necromancy     | 1 2 3 4 5 6 7 |  7.0
Translocations | 1 2 3 4 5 6 7 |  7.0
Fire Magic     | 1 2 3 4 5 6 7 |  7.0
Ice Magic      | 1 2 3 4 5 6 7 |  7.0
Air Magic      | 1 2 3 4 5 6 7 |  7.0
Earth Magic    | 1 2 3 4 5 6 7 |  7.0
Alchemy        | 1 2 3 4 5 6 7 |  7.0
Armour         | 5 6 7 8 9 |  9.6
Dodging        | 5 6 7 8 9 |  9.6
Fighting       | 7 8 9 10 | 10.7
Polearms       | 7 8 9 10 | 10.7

Action                     |  1- 3 |  4- 6 |  7- 9 | 10-12 | 13-15 || total
---------------------------+-------+-------+-------+-------+-------++-------
  Melee: Spear             |    92 |   172 |    63 |       |       ||   327
         Bite              |     6 |     9 |    36 |    72 |    16 ||   139
         Unarmed           |       |     6 |       |       |       ||     6
         Halberd           |       |       |   294 |   220 |       ||   514
         Dire flail        |       |       |       |   489 |    59 ||   548
         Battleaxe         |       |       |       |    33 |    12 ||    45
  Throw: Dart              |       |       |       |    26 |    20 ||    46
         Javelin           |       |       |       |     1 |     2 ||     3
 Invoke: Berserk           |       |     4 |     3 |    20 |     2 ||    29
         Trog's Hand       |       |     1 |       |    11 |     1 ||    13
         Brothers in Arms  |       |       |       |     1 |       ||     1
  Evoke: Wand              |       |       |       |     9 |       ||     9
    Use: Scroll            |       |     3 |    10 |    13 |       ||    26
   Stab: Sleeping          |       |     2 |       |       |       ||     2
         Invisible         |       |       |       |     2 |       ||     2
         Petrified         |       |       |       |    10 |       ||    10
 Armour: Animal skin       |     7 |       |       |       |       ||     7
         Ring mail         |    29 |    48 |       |       |       ||    77
         Chain mail        |       |     3 |   153 |   521 |       ||   677
         Plate armour      |       |       |       |    76 |    80 ||   156
  Dodge: Dodged            |    34 |    86 |   189 |   328 |    67 ||   704

Table legend: (Time is in decaauts)
 A = Elapsed time spent in this place.
 B = Non-inter-level travel time spent in this place.
 C = Inter-level travel time spent in this place.
 D = Time resting spent in this place.
 E = Time spent auto-exploring this place.
 F = Levels seen in this place.
 G = Mean time per level.
                   A        B        C        D        E       F      G
               +--------+--------+--------+--------+--------+-----+--------+
         Total |  13978 |  13365 |    613 |    811 |   9726 |  14 |  998.4 |
       Dungeon |  12273 |  11691 |    582 |    781 |   8381 |  12 | 1022.8 |
          Lair |   1705 |   1675 |     30 |     29 |   1345 |   2 |  852.5 |
               +--------+--------+--------+--------+--------+-----+--------+

Top non-repeatable levels by time:
  Lair:1: 1687 daAuts
     D:7: 1476 daAuts
    D:10: 1349 daAuts
    D:11: 1137 daAuts
    D:12: 1126 daAuts
     D:1: 1073 daAuts
     D:8: 1056 daAuts
     D:5: 1014 daAuts
     D:2: 923 daAuts
     D:4: 872 daAuts
     D:6: 836 daAuts
     D:9: 777 daAuts
     D:3: 631 daAuts
  Lair:2: 17 daAuts
